 Dungeon Crawl Stone Soup version 0.16.1-2-g95b8d4c (webtiles) character file.

375 hhkb the Sneak (level 6, -1/32 HPs)
             Began as a Vine Stalker Assassin on Mar 24, 2015.
             Slain by a phantom (8 damage)
             ... on level 4 of the Dungeon.
             The game lasted 00:12:33 (3174 turns).

hhkb the Sneak (Vine Stalker Assassin)              Turns: 3174, Time: 00:12:33

Health: -1/32      AC:  3    Str: 15    XL:     6   Next: 72%
Magic:  0/2        EV: 11    Int: 11    God:
Gold:   145        SH:  0    Dex: 16    Spells: 0 memorised, 5 levels left

rFire  x . .     SeeInvis .     a - +7 hand axe of Abomination {antimagic, rF- rC++}
rCold  + + .     Clarity  .     c - +0 robe
rNeg   . . .     SustAb   .     (no shield)
rPois  .         Gourm    +     (no helmet)
rElec  .         Spirit   +     d - +0 cloak
rCorr  .         Warding  .     (no gloves)
rMut   .         Stasis   .     (no boots)
MR     .....                    x - amulet of the gourmand {Gourm, !d}
Stlth  +++.......               (no ring)
                                (no ring)

@: not resistant to hostile enchantments, fairly stealthy
A: fangs 2, regeneration 2, magic shield, antimagic bite, no device heal 3, rot
immunity
a: no special abilities


You were on level 4 of the Dungeon.
You were very full.

You visited 1 branch of the dungeon, and saw 4 of its levels.

You collected 145 gold pieces.

Inventory:

Hand weapons
 a - the +7 hand axe of Abomination (weapon) {antimagic, rF- rC++}
   (You found it on level 4 of the Dungeon)

   It disrupts the flow of magical energy around spellcasters and certain
   magical creatures (including the wielder).
   It makes you vulnerable to fire.
   It greatly protects you from cold.
 b - a +0 blowgun
 A - a +3 dagger of pain
   (You took it off a goblin on level 1 of the Dungeon)
Missiles
 e - 8 poisoned needles
 n - 41 stones (quivered)
Armour
 c - a +0 robe (worn)
 d - a +0 cloak (worn)
 C - a +0 cloak
   (You found it on level 4 of the Dungeon)
Jewellery
 x - an amulet of the gourmand (around neck) {Gourm, !d}
   (You found it on level 2 of the Dungeon)
Magical devices
 t - a wand of polymorph (6)
   (You took it off Jessica on level 3 of the Dungeon)
Scrolls
 f - 2 scrolls of blinking {unknown}
 h - a scroll of magic mapping {unknown}
 m - a scroll of enchant weapon
 q - 2 scrolls of fog
 r - a scroll of teleportation
 s - a scroll of immolation {!r}
 u - a scroll of random uselessness {unknown}
 v - a scroll of fear {unknown}
 y - 2 scrolls of remove curse {unknown}
Potions
 j - a potion of brilliance
 l - 3 potions of curing
 p - a potion of restore abilities {unknown}
 z - 2 potions of might
 B - a potion of flight {unknown}
 D - 2 potions of heal wounds {unknown}
Comestibles
 g - 3 bread rations {@e1}
 i - 2 fruits
 k - 2 slices of pizza
 o - 5 meat rations {@e2}


   Skills:
 - Level 2.8 Fighting
 - Level 4.4 Short Blades
 + Level 2.3 Axes
 - Level 1.7 Throwing
 - Level 0.7 Dodging
 - Level 6.2 Stealth


You had 5 spell levels left.
You didn't know any spells.

Dungeon Overview and Level Annotations

Branches:
Dungeon (4/15)
 Temple: D:4-7

Altars:
Yredelemnul

Annotations:
D:4 exclusion: player ghost, Fanu's ghost, average MiBe


Innate Abilities, Weirdness & Mutations

You have extremely sharp teeth.
You heal very quickly.
When hurt, damage is shared between your health and your magic reserves.
Your bite disrupts and absorbs the magic of your enemies.
Potions and wands cannot restore your health.
You are immune to rotting.


Message History

A scorpion is nearby!
You see here a rat skeleton.
You feel magic returning to you.
b - a +0 blowgun (weapon)
Health restored: 32
Aim: a scorpion (hasn't noticed you)
You shoot a poisoned needle. The poisoned needle hits the scorpion!
The scorpion is poisoned.
Aim: a scorpion (moderately wounded, poisoned)
You shoot a poisoned needle. The poisoned needle hits the scorpion!
The scorpion looks even sicker.
The scorpion stings you.
You are poisoned.
The scorpion poisons you!
You take 3 damage, and have 29/32 hp.
You feel magic leave you.
a - the +7 hand axe of Abomination (weapon)
{antimagic, rF- rC++} You feel sick.
You take 1 damage, and have 28/32 hp.
You hit the scorpion.
You feel sick.
You kill the scorpion!
Your Axes skill increases to level 2!
e - 7 poisoned needles (gained 1)
You feel sick.
You start resting.
You feel sick. x6
You regained 3 hp, and now have 31/32 hp.
You start resting.
Health restored: 32 You start waiting.
You feel sick.
You are no longer poisoned.
You take 1 damage, and have 31/32 hp.
e - 8 poisoned needles (gained 1)
There is a stone staircase leading down here.
You see here a giant newt corpse.
You now have 145 gold pieces (gained 7).
A phantom comes into view.
A worker ant comes into view.
Health restored: 32
There are monsters nearby!
There are monsters nearby!
Aim: a worker ant (hasn't noticed you)
You throw a stone.
The worker ant twitches its antennae in your direction.
The stone hits the worker ant.
You closely miss the worker ant. The worker ant bites you.
You are poisoned.
The worker ant poisons you! The worker ant barely misses you.
You take 4 damage, and have 28/32 hp.
You closely miss the worker ant.
You feel sick. The worker ant bites you.
You take 2 damage, and have 26/32 hp.
You hit the worker ant.
You bite the worker ant, but do no damage.
You feel sick. The worker ant bites you!
You are more poisoned.
The worker ant poisons you!
You take 6 damage, and have 20/32 hp.
You now have 1/2 mp.
You feel sick. The worker ant misses you.
You take 1 damage, and have 19/32 hp.
You hit the worker ant but do no damage.
You feel sick. The worker ant misses you.
You hit the worker ant. Your bite misses the worker ant.
You feel sick. The worker ant bites you.
The worker ant bites you but does no damage.
You take 6 damage, and have 13/32 hp.
Quiver which item? (- for none, * to show all) (? for menu, Esc to quit)
Okay, then.
You feel magic returning to you.
b - a +0 blowgun (weapon)
Quiver which item? (- for none, * to show all) (? for menu, Esc to quit)
Quivering
w - 2 curare-tipped needles for blowguns.
Aim: a worker ant (moderately wounded)
You shoot a curare-tipped needle.
The curare-tipped needle hits the worker ant.
The worker ant is poisoned.
The worker ant convulses.
You kill the worker ant!
You feel sick.
The phantom blinks!
You take 1 damage, and have 13/32 hp.
Aim: a phantom You shoot a curare-tipped needle.
The curare-tipped needle closely misses the phantom.
You feel sick.
You feel magic leave you.
a - the +7 hand axe of Abomination (weapon)
{antimagic, rF- rC++} You hit the phantom!
You bite the phantom. You drain its power.
You feel invigorated.
You feel sick. The phantom hits you!
* * * LOW HITPOINT WARNING * * *
You take 7 damage, and have 6/32 hp.
MASSIVE DAMAGE!!
You feel sick.
You see here a worker ant corpse.
You feel sick.
You take 1 damage, and have 5/32 hp.
MP restored: 2 Drink which item? (? for menu, Esc to quit)
You feel better. The phantom barely misses you.
You barely miss the phantom. Your bite misses the phantom.
The phantom hits you but does no damage.
The phantom hits you!
You die...

#.#)####.#.# #.#.###
#.#........# ######.#. .
#.######.#.#####....#.#####
#....W.....(...............
#.######.#.########!#.#####
#.# #......?W....#.# #.#
###.### #####.# #.# #.#
#.##### #.# #@# #...... #.#
#W# ####### #.# #.# #.#
####.# #.# #..(.# #.#
#.#### #.# #.# #.# #.#
######.# #.#


You could see a phantom.

Vanquished Creatures
  2 scorpions (D:4)
  An orc priest (D:3)
  Natasha (twice) (D:3)
  2 worker ants (D:4)
  Jessica (D:3)
  5 adders
  A shadow imp (D:4)
  2 worms
  10 orcs
  3 ball pythons
  4 giant cockroaches
  9 goblins
  5 hobgoblins
  5 jackals
  9 kobolds
  3 quokkas
  7 bats
  4 giant newts
  2 quokka skeletons (D:4)
  14 rats
91 creatures vanquished.

Notes
Turn   | Place    | Note
--------------------------------------------------------------
     0 | D:1      | hhkb, the Vine Stalker Assassin, began the quest for the Orb.
     0 | D:1      | Reached XP level 1. HP: 11/11 MP: 1/1
    23 | D:1      | Reached skill level 2 in Fighting
   140 | D:1      | Reached XP level 2. HP: 16/16 MP: 3/3
   701 | D:2      | Reached skill level 2 in Short Blades
   701 | D:2      | Reached XP level 3. HP: 19/19 MP: 4/4
   991 | D:2      | HP: 4/19 [poisoned by an adder]
   991 | D:2      | Reached skill level 3 in Short Blades
   991 | D:2      | Reached XP level 4. HP: 4/23 MP: 2/5
   996 | D:2      | HP: 3/23 [poisoned by an adder]
  1003 | D:2      | HP: 3/23 [poisoned by an adder]
  1011 | D:2      | HP: 3/23 [poisoned by an adder]
  1491 | D:3      | Found a basalt altar of Yredelemnul.
  1544 | D:3      | Reached skill level 5 in Stealth
  1556 | D:3      | HP: 5/23 [orc/tomahawk (3)]
  1668 | D:3      | Reached XP level 5. HP: 28/28 MP: 7/7
  1795 | D:3      | Noticed Jessica
  1801 | D:3      | Killed Jessica
  1941 | D:3      | Noticed Natasha
  1947 | D:3      | Killed Natasha
  2132 | D:3      | Reached skill level 4 in Short Blades
  2195 | D:3      | Noticed Natasha
  2200 | D:3      | Killed Natasha
  2526 | D:4      | HP: 7/28 [scorpion (4)]
  2527 | D:4      | Reached skill level 6 in Stealth
  2527 | D:4      | Gained mutation: You heal very quickly. [vine stalker growth]
  2527 | D:4      | Reached XP level 6. HP: 8/32 MP: 3/8
  2531 | D:4      | HP: 6/32 [poisoned by a scorpion]
  2533 | D:4      | Got a fine hand axe
  2537 | D:4      | HP: 4/32 [poisoned by a scorpion]
  2542 | D:4      | HP: 3/32 [poisoned by a scorpion]
  2547 | D:4      | HP: 4/32 [poisoned by a scorpion]
  2554 | D:4      | HP: 5/32 [poisoned by a scorpion]
  2562 | D:4      | HP: 7/32 [poisoned by a scorpion]
  2596 | D:4      | Noticed Fanu's ghost (average MiBe)
  2612 | D:4      | Identified the +7 hand axe of Abomination {antimagic, rF- rC++} (You found it on level 4 of the Dungeon)
  2770 | D:4      | HP: 6/32 [Fanu's ghost (3)]
  2874 | D:4      | Reached skill level 1 in Axes
  3076 | D:4      | Reached skill level 2 in Axes
  3155 | D:4      | Noticed a phantom
  3170 | D:4      | HP: 6/32 [phantom (6)]
  3174 | D:4      | Slain by a phantom

Action                   |  1- 3 |  4- 6 || total
-------------------------+-------+-------++-------
Melee: Dagger            |    59 |   129 ||   188
       Hand axe          |       |    32 ||    32
 Fire: Blowgun           |    24 |    15 ||    39
Throw: Stone             |       |     5 ||     5
  Use: Scroll            |       |     9 ||     9
       Potion            |       |     1 ||     1
 Stab: Sleeping          |     8 |     8 ||    16
  Eat: Chunk             |       |    17 ||    17

Vault maps used:
D:1:      scummos_arrival_forest
D:2:      first_bread
D:3:      yredelemnul_altar_generic, uniq_natasha, uniq_jessica

Table legend:
 A = Turns spent in this place as a percentage of turns spent in the entire game.
 B = Non-inter-level travel turns spent in this place as a percentage of non-inter-level travel turns spent in the entire game.
 C = Inter-level travel turns spent in this place as a percentage of turns spent in this place.
 D = Turns resting spent in this place as a percentage of non-inter-level travel turns spent in this place.
 E = Turns spent auto-exploring this place as a percentage of non-inter-level travel turns spent in this place.
 F = Non-inter-level travel turns spent in this place divided by the number of levels of this place that you've seen.
                   A       B       C       D       E      F
               +-------+-------+-------+-------+-------+----------------------
         Total | 100.0 | 100.0 |   0.9 |   1.2 |   5.5 | 478.5
       Dungeon | 100.0 | 100.0 |   0.9 |   1.2 |   5.5 | 478.5
               +-------+-------+-------+-------+-------+----------------------

Table legend:
 A = Kills in this place as a percentage of kills in entire the game.
 B = Kills by you in this place as a percentage of kills by you in the entire game.
 C = Kills by friends in this place as a percentage of kills by friends in the entire game.
 D = Other kills in this place as a percentage of other kills in the entire game.
 E = Experience gained in this place as a percentage of experience gained in the entire game.
 F = Experience gained in this place divided by the number of levels of this place that you have seen.
                   A       B       C       D       E      F
               +-------+-------+-------+-------+-------+----------------------
         Total | 100.0 | 100.0 |  -nan |  -nan | 100.0 | 134.0
       Dungeon | 100.0 | 100.0 |  -nan |  -nan | 100.0 | 134.0
               +-------+-------+-------+-------+-------+----------------------
